 Dungeon Crawl Stone Soup version 0.27.0-1-g7a089689b8 (webtiles) character file.

Game seed: 84558279795768798

2541051 totalnoob the Executioner (level 27, 235/235 HPs)
             Began as a Minotaur Fighter on Aug 3, 2021.
             Was the Champion of Makhleb.
             Escaped with the Orb
             ... and 4 runes!
             The game lasted 02:20:40 (62049 turns).

totalnoob the Executioner (Minotaur Fighter)       Turns: 62049, Time: 02:20:40

Health: 235/235    AC: 52    Str: 33 (35) XL:     27
Magic:  33/33      EV: 16    Int:  9 (10) God:    Makhleb [******]
Gold:   2093       SH:  0    Dex: 14 (15) Spells: 31/38 levels left

rFire    + . .     SeeInvis +   L - +9 executioner's axe of Disintegration {flame, rC+ Will+ Stlth-}
rCold    + + .     Faith    +   (shield currently unavailable)
rNeg     + + +     Spirit   .   C - +8 orange crystal plate armour {Archmagi, Int+3 Clar}
rPois    +         Reflect  .   x - +2 hat
rElec    +         Harm     .   b - +2 cloak of Starshine {rF- rN++ Str+4 Slay+3}
rCorr    +         Rampage  .   u - +2 pair of gloves "Roataqy" {rN+ Will+}
Will     ++++.     Archmagi +   c - +2 pair of boots {Fly} Stlth ..........Clarity +
                                q - amulet of Efiytualaa {Faith rF+}
HPRegen  0.49/turn              F - ring of Qustraf {rF+ SInv}
MPRegen  0.23/turn              f - ring "Baibbel" {rElec rPois rC+ rCorr}

@: flying
A: horns 2, retaliatory headbutt, beak, talons 1, clarity, clever 1, frail 1,
strong 1
0: Orb of Zot
}: 4/15 runes: decaying, slimy, silver, gossamer
a: Renounce Religion, Minor Destruction, Lesser Servant of Makhleb, Major
Destruction, Greater Servant of Makhleb


You escaped.
You worshipped Makhleb.
Makhleb was exalted by your worship.
You visited 11 branches of the dungeon, and saw 55 of its levels.
You also visited: Trove, Gauntlet, Ice Cave and Volcano.

You collected 8239 gold pieces.
You spent 6146 gold pieces at shops.

Inventory:

Hand Weapons
 L - the +9 executioner's axe of Disintegration (weapon) {flame, rC+ Will+ Stlth-}
   (You bought it in a shop on level 3 of the Dungeon)

   It burns those it strikes, dealing additional fire damage.
   Big, fiery blades are also staple armaments of hydra-hunters.
   rC:        It protects you from cold.
   Will:      It increases your willpower.
   Stlth:     It makes you less stealthy.
Missiles
 o - 11 datura-tipped darts
 r - 18 silver boomerangs
 A - 25 silver javelins (quivered)
Armour
 b - the +2 cloak of Starshine (worn) {rF- rN++ Str+4 Slay+3}
   (You found it on level 4 of the Spider Nest)

   Str:       It affects your strength (+4).
   Slay:      It affects your accuracy & damage with ranged weapons and melee
   (+3).
   rF:        It makes you vulnerable to fire.
   rN:        It greatly protects you from negative energy.
 c - a +2 pair of boots of flying (worn)
   (You found it in a Gauntlet)
 j - the +0 pair of gloves "Jixkemua" {rElec Will+ Dex+2}
   (You acquired it on level 5 of the Pits of Slime)

   Dex:       It affects your dexterity (+2).
   rElec:     It insulates you from electricity.
   Will:      It increases your willpower.
 k - a +1 kite shield of reflection
   (You found it in an ice cave)
 u - the +2 pair of gloves "Roataqy" (worn) {rN+ Will+}
   (You found it on level 4 of the Spider Nest)

   rN:        It protects you from negative energy.
   Will:      It increases your willpower.
 x - a +2 hat (worn)
   (You found it on level 12 of the Dungeon)
 C - the +8 orange crystal plate armour (worn) {Archmagi, Int+3 Clar}
   (You found it on level 1 of the Lair of Beasts)

   Int:       It affects your intelligence (+3).
   Clar:      It protects you against confusion.
 Z - a +0 crystal plate armour of cold resistance
   (You found it in an ice cave)
Jewellery
 a - the ring of Scepticism {rF+ rCorr}
   (You found it in a treasure trove)

   [ring of resist corrosion]

   rF:        It protects you from fire.
   rCorr:     It protects you from acid and corrosion.
 f - the ring "Baibbel" (right hand) {rElec rPois rC+ rCorr}
   (You took it off a yaktaur captain on level 5 of the Vaults)

   [ring of protection from cold]

   rC:        It protects you from cold.
   rElec:     It insulates you from electricity.
   rPois:     It protects you from poison.
   rCorr:     It protects you from acid and corrosion.
 p - an amulet of reflection
   (You found it on level 1 of the Elven Halls)
 q - the amulet of Efiytualaa (around neck) {Faith rF+}
   (You found it in a Gauntlet)

   [amulet of faith]

   It allows you to gain divine favour quickly.
   rF:        It protects you from fire.
 F - the ring of Qustraf (left hand) {rF+ SInv}
   (You found it in a treasure trove)

   [ring of see invisible]

   rF:        It protects you from fire.
   SInv:      It lets you see invisible.
 Q - the ring "Curiofe" {rC+ rCorr MP+9 Str+2}
   (You took it off a deep elf high priest on level 3 of the Elven Halls)

   [ring of magical power]

   Str:       It affects your strength (+2).
   rC:        It protects you from cold.
   MP:        It affects your magic capacity (+9).
   rCorr:     It protects you from acid and corrosion.
Wands
 d - a wand of digging (9)
   (You found it on level 1 of the Lair of Beasts)
 h - a wand of acid (31)
   (You found it on level 7 of the Dungeon)
 i - a wand of iceblast (83)
   (You found it on level 5 of the Lair of Beasts)
 y - a wand of mindburst (60)
   (You found it on level 8 of the Dungeon)
Scrolls
 e - 4 scrolls of fog
 D - a scroll of amnesia
 E - 8 scrolls of fear
 K - 6 scrolls of immolation {!r}
 O - 2 scrolls of silence
 S - a scroll of summoning
 V - 3 scrolls of vulnerability {!r!r}
 W - a scroll of holy word {!r}
 X - a scroll of magic mapping {@r4!r}
 Y - 10 scrolls of teleportation {@r3}
Potions
 g - 4 potions of magic
 n - 2 potions of cancellation
 t - 6 potions of attraction {!q}
 B - 8 potions of brilliance
 G - 10 potions of ambrosia {!q}
 H - 4 potions of haste
 I - 6 potions of invisibility
 J - 12 potions of curing {@q1}
 M - a potion of might
 N - 4 potions of heal wounds {@q2}
 P - 5 potions of lignification {!q}
 R - a potion of resistance
 T - 3 potions of berserk rage {!q}
 U - 4 potions of mutation {!q}
Miscellaneous
 l - a condenser vane
   (You found it on level 3 of the Elven Halls)
 m - a phantom mirror
   (You found it on level 2 of the Spider Nest)
 s - a tin of tremorstones (2/2)
   (You found it on level 9 of the Dungeon)
 v - a lightning rod (4/4)
   (You found it on level 5 of the Vaults)
 w - a phial of floods
   (You found it on level 3 of the Elven Halls)
 z - a box of beasts
   (You found it on level 6 of the Lair of Beasts)


   Skills:
 * Level 24.3 Fighting
 - Level 26.0 Axes
 - Level 10.0 Throwing
 + Level 25.2 Armour
 + Level 20.4 Dodging
 - Level 5.0 Shields
 - Level 6.0 Spellcasting
 - Level 6.7 Translocations
 + Level 14.9 Invocations
 - Level 15.0 Evocations


You had 31 spell levels left.
You knew the following spells:

 Your Spells              Type           Power      Damage    Failure   Level
a - Manifold Assault      Tloc           22%        N/A       90%         5
b - Blink                 Tloc           N/A        N/A       11%         2

Your spell library contained the following spells:

 Spells                   Type           Power      Damage    Failure   Level
 Apportation              Tloc           44%        N/A       8%          1
 Lesser Beckoning         Tloc           11%        N/A       22%         3
 Passage of Golubria      Tloc           N/A        N/A       58%         4
 Portal Projectile        Hex/Tloc       26%        N/A       65%         3
 Animate Skeleton         Necr           8%         N/A       75%         1
 Corona                   Hex            4%         N/A       75%         1
 Foxfire                  Conj/Fire      16%        2x1d4     75%         1
 Pain                     Necr           16%        1d4       75%         1
 Sandblast                Erth           8%         2d5       75%         1
 Sting                    Tmut/Pois      16%        1d3       75%         1
 Summon Small Mammal      Summ           16%        N/A       75%         1
 Corpse Rot               Necr/Air       N/A        N/A       87%         2
 Ensorcelled Hibernation  Hex/Ice        8%         N/A       87%         2
 Passwall                 Tmut/Erth      3%         N/A       87%         2
 Poisonous Vapours        Pois/Air       8%         N/A       87%         2
 Slow                     Hex            4%         N/A       87%         2
 Static Discharge         Conj/Air       4%         N/A       87%         2
 Sublimation of Blood     Necr           2%         N/A       87%         2
 Iskenderun's Mystic Bla  Conj/Tloc      13%        2d5       96%         4
 Call Canine Familiar     Summ           4%         N/A       98%         3
 Confusing Touch          Hex            4%         N/A       98%         3
 Conjure Flame            Conj/Fire      4%         6-21      98%         3
 Dazzling Flash           Conj/Hex       8%         N/A       98%         3
 Frozen Ramparts          Ice            8%         1d2       98%         3
 Ignite Poison            Fire/Tmut/Pois 4%         N/A       98%         3
 Inner Flame              Hex/Fire       4%         N/A       98%         3
 Mephitic Cloud           Conj/Pois/Air  4%         N/A       98%         3
 Ozocubu's Armour         Ice            4%         N/A       98%         3
 Spider Form              Tmut/Pois      2%         N/A       98%         3
 Stone Arrow              Conj/Erth      8%         3d7       98%         3
 Summon Guardian Golem    Hex/Summ       4%         N/A       98%         3
 Swiftness                Air            4%         N/A       98%         3
 Tukima's Dance           Hex            4%         N/A       98%         3
 Vampiric Draining        Necr           2%         2d6       98%         3
 Airstrike                Air            2%         N/A       100%        4
 Animate Armour           Summ/Erth      8%         N/A       100%        4
 Animate Dead             Necr           2%         N/A       100%        4
 Cause Fear               Hex            2%         N/A       100%        4
 Dispel Undead            Necr           4%         3d7       100%        4
 Fulminant Prism          Conj/Hex       2%         3d6       100%        4
 Ice Form                 Ice/Tmut       4%         N/A       100%        4
 Leda's Liquefaction      Hex/Erth       2%         N/A       100%        4
 Olgreb's Toxic Radiance  Pois           4%         N/A       100%        4
 Petrify                  Tmut/Erth      4%         N/A       100%        4
 Sticky Flame             Conj/Fire      4%         2d3       100%        4
 Summon Ice Beast         Ice/Summ       4%         N/A       100%        4
 Summon Lightning Spire   Summ/Air       4%         N/A       100%        4
 Agony                    Necr           4%         N/A       100%        5
 Alistair's Intoxication  Tmut/Pois      2%         N/A       100%        5
 Blade Hands              Tmut           2%         N/A       100%        5
 Bolt of Magma            Conj/Fire/Erth 2%         4d4       100%        5
 Borgnjor's Vile Clutch   Necr/Erth      2%         N/A       100%        5
 Fireball                 Conj/Fire      2%         3d4       100%        5
 Irradiate                Conj/Tmut      2%         3d14      100%        5
 Iskenderun's Battlesphe  Conj           4%         2d6       100%        5
 Lee's Rapid Deconstruct  Erth           2%         3d5*      100%        5
 Lightning Bolt           Conj/Air       2%         1d13      100%        5
 Silence                  Hex/Air        2%         N/A       100%        5
 Yara's Violent Unravell  Hex/Tmut       2%         3d3       100%        5
 Conjure Ball Lightning   Conj/Air       2%         3x3d6     100%        6
 Death Channel            Necr           2%         N/A       100%        6
 Dispersal                Tloc           11%        N/A       100%        6
 Eringya's Noxious Bog    Tmut/Pois      2%         N/A       100%        6
 Invisibility             Hex            2%         N/A       100%        6
 Shadow Creatures         Summ           N/A        N/A       100%        6
 Simulacrum               Ice/Necr       2%         N/A       100%        6
 Starburst                Conj/Fire      2%         8x6d3     100%        6
 Statue Form              Tmut/Erth      2%         N/A       100%        6
 Dragon Form              Tmut           2%         N/A       100%        7
 Malign Gateway           Summ/Tloc      6%         N/A       100%        7
 Monstrous Menagerie      Summ           2%         N/A       100%        7
 Orb of Destruction       Conj           2%         9d1       100%        7
 Ozocubu's Refrigeration  Ice            2%         4d5       100%        7
 Ignition                 Fire           2%         3d3       100%        8
 Lehudib's Crystal Spear  Conj/Erth      2%         10d2      100%        8
 Maxwell's Capacitive Co  Air            2%         ∞         100%        8
 Summon Horrible Things   Summ           2%         N/A       100%        8
 Dragon's Call            Summ           2%         N/A       100%        9


Dungeon Overview and Level Annotations

Branches:
Dungeon (15/15)            Temple (1/1) D:5            Lair (6/6) D:11
  Swamp (4/4) Lair:2       Spider (4/4) Lair:4        Slime (5/5) Lair:5
    Orc (2/2) D:10            Elf (3/3) Orc:2        Vaults (5/5) D:13
 Depths (5/5) D:15            Zot (5/5) Depths:5      IceCv (visited)
Volcano (visited)         Gauntlet (visited)
  Crypt: Vaults:2-3

Altars:
Ashenzari
Cheibriados
Dithmenos
Elyvilon
Gozag
Hepliaklqana
Kikubaaqudgha
Makhleb
Nemelex Xobeh
Okawaru
Qazlal
Ru
Sif Muna
Trog
Uskayaw
Vehumet
Wu Jian
Xom
Zin
The Shining One
Jiyva

Shops:
D:2 (   D:3 ?:((   Orc:2 (:*   Vaults:4 :   Depths:1 :*   Depths:2 ::=
Depths:5 [?[

Portals:
Hell: Depths:1 Depths:2 Depths:3 Depths:4 Depths:5
Pandemonium: Depths:1 Depths:3 Depths:4 Depths:5

Annotations:
Lair:4 exclusion: 4 oklob plants
Lair:5 exclusion: 3 oklob plants
Elf:2 4 runed translucent doors, Heg Cuhi's ghost, adept MiFi


Innate Abilities, Weirdness & Mutations

You have a pair of horns on your head.
You reflexively headbutt those who attack you in melee.
You have a beak for a mouth.
You have sharp toenails.
You possess an exceptional clarity of mind.
Your mind is acute. (Int +2)
You are frail. (-10% HP)
Your muscles are strong. (Str +2)


Message History

You slice the Brimstone Fiend!!
You peck the Brimstone Fiend, but do no damage.
You slice the Brimstone Fiend!!
The Brimstone Fiend hits you but does no damage. x3
You slash the Brimstone Fiend! You headbutt the Brimstone Fiend.
You peck the Brimstone Fiend, but do no damage.
The Brimstone Fiend misses you. You furiously retaliate!
You headbutt the Brimstone Fiend, but do no damage.
The Brimstone Fiend hits you!
The Brimstone Fiend hits you but does no damage.
You take 8 damage, and have 206/234 hp.
You barely miss the Brimstone Fiend.
You peck the Brimstone Fiend, but do no damage.
You slice the Brimstone Fiend!!
You kill the Brimstone Fiend!
Makhleb accepts your kill.
You feel better.
You regained 16 hp, and now have 222/235 hp.
There is an escape hatch in the ceiling here.
You regained 8 hp, and now have 230/235 hp.
A mysterious force pulls you upwards. The hatch slams shut behind you.
You see here a +0 trident.
Things that are here:
21 stones; a +0 halberd You see here a wand of polymorph (9).
You see here a +0 trident.
You see here a +0 trident.
There is a stone staircase leading up here.
Health restored: 235 You fly upwards.
There is a stone staircase leading down, spattered with blood here.
There is a stone staircase leading up here.
You fly upwards.
There is a stone staircase leading down here.
There is a stone staircase leading up here.
You fly upwards.
There is a stone staircase leading down here.
There is a stone staircase leading up, spattered with blood here.
You fly upwards.
There is a stone staircase leading down here.
There is a stone staircase leading up here.
You fly upwards.
There is a stone staircase leading down here.
There is an escape hatch in the ceiling here.
A mysterious force pulls you upwards. The hatch slams shut behind you.
There is a stone staircase leading up here.
You fly upwards.
There is a stone staircase leading down here.
A red devil, a balrug and 2 sun demons come into view.
The balrug is wielding a +1 vampiric demon whip.
The red devil is wielding a +1 demon trident of draining.
You feel yourself speed up.
The sun demon shouts!
The balrug gestures at you.
The fireball explodes!
The fireball engulfs you. You resist.
You take 2 damage, and have 233/235 hp.
The balrug gestures at you. Something smites you!
You take 8 damage, and have 226/235 hp.
There is a stone staircase leading up here.
The balrug gestures at you. Something smites you!
You fly upwards.
There is a stone staircase leading down here.
You take 11 damage, and have 216/235 hp.
A hellion comes into view.
You regained 3 hp, and now have 219/235 hp.
There is a stone staircase leading up here.
You fly upwards.
There is a stone staircase leading down here.
Your extra speed is starting to run out.
You feel yourself slow down.
There is a stone staircase leading up here.
Health restored: 235 You fly upwards.
There is a stone staircase leading down here.
There is a stone staircase leading up here.
You fly upwards.
There is a stone staircase leading down here.
A lorocyproca, a gelid demonspawn, a torturous demonspawn and a black sun come into view.
The torturous demonspawn is wielding a +0 vorpal great sword.
You can't go up here!
The gelid demonspawn shouts!
The torturous black sun prays to Kikubaaqudgha.
The torturous black sun begins absorbing vital energies!
The lorocyproca begins absorbing vital energies!
The gelid demonspawn begins absorbing vital energies!
The torturous demonspawn begins absorbing vital energies!
The torturous black sun mumbles some strange prayers to Kikubaaqudgha against you.
The bolt of negative energy hits you but does no damage.
You resist.
There is an escape hatch in the ceiling here.
A mysterious force pulls you upwards. The hatch slams shut behind you.
There is a stone staircase leading up here.
You fly upwards.
There is a stone staircase leading down here.
A lorocyproca comes into view.
There is an open door here.
The lorocyproca moves out of view.
There is a staircase leading out of the dungeon here.
You have escaped!

#...#.....
#.#.#.._..
#.........
#§§.##[..#
##########2#..###.#
#.......##.##.#....
#........+.......#.
#.......##.#####...
#.@.###>##.# #.##
#.......##.#####(##
#........'.#.......
#.......##.#.###.##
##########....###..
#..........#
#)....^.....
#####..##### ####


There were no monsters in sight!

Vanquished Creatures
  the Royal Jelly (Slime:5)
  4 dread liches
  3 orbs of fire (Zot:5)
  4 ancient liches (Zot:5)
  2 juggernauts (Depths:5)
  Sojobo (Vaults:2)
  3 Killer Klowns (Zot:5)
  Bai Suzhen (Swamp:4)
  3 curse toes
  Nikola (Depths:2)
  10 golden dragons
  A Brimstone Fiend (D:15)
  A bone dragon (Depths:5)
  A Tzitzimitl (Zot:3)
  4 electric golems
  Rupert (D:13)
  28 Orb Guardians
  2 liches
  10 tentacled monstrosities
  Jorgrun (D:12)
  2 deep elf blademasters
  5 titans
  5 quicksilver dragons
  2 deep elf master archers (Elf:3)
  3 Executioners
  5 death cobs
  24 acid blobs
  7 sphinxes
  The ghost of skAll the Bludgeoner, an adept HuMo of Okawaru (Spider:4)
  14 storm dragons
  Kirke (Spider:2)
  9 shadow dragons
  A thorn hunter (Swamp:3)
  8 tengu reavers
  2 draconian monks
  9 rockslimes
  Roxanne (Swamp:4)
  8 fire giants
  9 azure jellies
  The ghost of Waecyras the Bringer of Law, an adept KoGl of Zin (D:15)
  2 iron dragons
  2 draconian scorchers
  9 draconian knights
  3 ghost moths
  Aizul (Spider:4)
  11 frost giants
  Louise (D:14)
  5 emperor scorpions
  6 deep elf sorcerers
  13 vault wardens
  2 orc warlords (Vaults:4)
  4 war gargoyles
  6 draconian stormcallers
  A reaper (Depths:4)
  24 ironbound preservers
  5 deep elf elementalists (Elf:3)
  6 draconian shifters
  17 very ugly things
  7 quicksilver oozes
  3 vampire knights
  5 deep elf demonologists
  8 draconian annihilators
  A juggernaut skeleton (Depths:2)
  9 stone giants
  A lorocyproca (Depths:2)
  5 yellow draconians
  A minotaur (shapeshifter) (Vaults:5)
  A minotaur (Gauntlet)
  7 green draconians
  12 black draconians
  7 deep elf annihilators (Elf:3)
  10 red draconians
  3 dire elephants
  10 white draconians
  2 merfolk javelineers (Depths:2)
  12 spark wasps
  3 entropy weavers
  6 purple draconians
  A blizzard demon (Depths:3)
  7 deep elf death magi
  A green death (Depths:2)
  9 jiangshi
  15 ettins
  A crystal guardian (Vaults:4)
  5 eleionomae
  12 yaktaur captains
  2 shambling mangroves
  Josephine (D:11)
  2 fire dragons
  4 deep elf high priests
  16 great orbs of eyes
  35 vault guards
  6 ice dragons
  A hydra (shapeshifter) (Vaults:2)
  2 peacekeepers (Vaults:4)
  2 rakshasas (Depths:1)
  4 boulder beetles
  7 ironbound thunderhulks
  28 hydras
  A catoblepas (Lair:4)
  4 ironbound frosthearts
  3 ogre magi (Vaults:5)
  2 caustic shrike simulacra (IceCv)
  3 ghost crabs
  6 centaur warriors
  11 alligators
  2 death yaks (Lair:6)
  8 dancing weapons
  8 death scarabs (Spider:4)
  6 deep troll earth magi
  5 two-headed ogres
  6 vampire magi
  4 tengu warriors
  A deep troll shaman (Depths:2)
  8 orc high priests
  4 spriggan berserkers
  Sonja (D:10)
  Urug (D:10)
  3 ironbound beastmasters
  7 deep elf knights
  14 hell knights
  3 large abominations (Zot:4)
  A storm dragon zombie (Depths:2)
  A soul eater (Depths:2)
  17 skeletal warriors
  A sixfirhy (Depths:1)
  11 iron trolls
  6 goliath frogs
  9 spriggan druids
  2 glowing orange brains (Vaults:4)
  A shadow demon (Depths:5)
  2 gelid demonspawn (Depths:3)
  3 flayed ghosts
  3 orange crystal statues
  56 deep trolls
  3 lindwurms (Vaults:4)
  A bog body (Swamp:2)
  16 deep elf archers
  14 ironbound convokers
  2 anaconda skeletons (Volcano)
  15 deep elf zephyrmancers
  A lindwurm (shapeshifter) (Vaults:5)
  3 necromancers
  15 orc knights
  9 swamp dragons
  7 wizards
  4 harpies (Vaults:1)
  9 phantasmal warriors
  18 orb spiders
  4 spectral wolf spiders (Spider:4)
  19 wolf spiders
  2 human zombies (Vaults:3)
  20 deep elf pyromancers
  5 cyclopes
  30 ugly things
  A salamander (shapeshifter) (Vaults:5)
  6 shining eyes
  A frost giant zombie (Depths:3)
  2 manticores
  A will-o-the-wisp (Swamp:1)
  A frost giant skeleton (Depths:2)
  14 black mambas
  2 fire giant zombies (Depths:3)
  35 moths of wrath
  3 orc sorcerers
  An ice statue (D:14)
  21 elephants
  A guardian serpent (Lair:6)
  A rust devil (Depths:1)
  3 eyes of devastation
  4 gargoyles
  17 vault sentinels
  3 torpor snails
  A smoke demon (Depths:4)
  3 orange demons
  26 cane toads
  4 spectral redbacks (Spider:4)
  4 rime drakes
  4 freezing wraiths (IceCv)
  4 ice devils
  2 redback zombies (Spider:4)
  27 yaktaurs
  2 golden dragon simulacra (IceCv)
  A tormentor (Depths:1)
  2 tengu conjurers
  2 hellwings
  An anaconda simulacrum (IceCv)
  15 demonic crawlers
  15 komodo dragons
  7 trolls
  38 jumping spiders
  A queen bee (Lair:4)
  2 red devils
  11 polar bears
  6 meliai
  A bloated husk (Swamp:1)
  A harpy skeleton (Volcano)
  5 tyrant leeches
  19 hornets
  The ghost of stickyfingers the Basher, an amateur BaCK of Xom (D:6)
  A jumping spider (shapeshifter) (D:14)
  5 spectral jumping spiders (Spider:4)
  Grinder (D:4)
  134 slime creatures
  22 blink frogs
  2 spectral tarantellas (Spider:4)
  2 tarantella zombies (Spider:4)
  2 jumping spider zombies (Spider:4)
  2 human simulacra (Vaults:3)
  5 dream sheep (Lair:3)
  5 raiju
  A redback (shapeshifter) (Depths:5)
  2 ynoxinuls (Depths:4)
  Sigmund (D:2)
  17 wyverns
  9 flying skulls
  93 redbacks
  31 yaks
  5 shadows
  36 tarantellas
  9 wraiths
  A dire elephant simulacrum (IceCv)
  4 vampires
  18 spriggans
  A spriggan (shapeshifter) (Vaults:5)
  A steam dragon (D:8)
  10 water elementals
  8 hogs
  20 humans
  5 basilisks
  2 neqoxecs (Depths:2)
  2 fire elementals
  12 golden eyes (Slime:1)
  4 chaos spawn
  4 wargs (Lair:6)
  14 swamp worms
  A harpy simulacrum (IceCv)
  17 vampire mosquitoes
  4 hydra simulacra (IceCv)
  17 hell hounds
  A floating eye (Depths:4)
  An acid dragon (D:13)
  24 water moccasins
  42 orc warriors
  4 spectral hornets (Spider:4)
  16 black bears
  2 ettin simulacra (IceCv)
  12 swamp drakes
  An ice beast (D:7)
  A hornet zombie (D:8)
  5 ogres
  3 necrophages
  44 wolves
  An ogre (shapeshifter) (Vaults:5)
  3 boggarts (Vaults:3)
  6 centaurs
  The ghost of orehx the Digger, an amateur OpEE (D:4)
  3 kobold brigands
  18 bullfrogs
  A gnoll sergeant (D:8)
  A wyvern zombie (D:6)
  4 earth elementals
  3 scorpions
  2 water moccasin skeletons
  A troll zombie (D:10)
  A troll skeleton (Volcano)
  46 killer bees
  3 lindwurm simulacra (IceCv)
  9 wights
  2 howler monkeys
  5 electric eels
  2 lava snakes (D:14)
  4 centaur zombies
  3 bullfrog zombies
  2 hounds (D:5)
  10 jellies
  34 orc priests
  A centaur skeleton (D:4)
  An iguana (D:5)
  Terence (D:1)
  A hell rat (Lair:4)
  28 orc wizards
  3 killer bee zombies
  A naga skeleton (Volcano)
  5 ogre zombies (D:10)
  5 adders
  A shadow imp (D:6)
  A white imp (D:8)
  An adder zombie (D:5)
  4 dart slugs
  100 orcs
  6 ball pythons
  2 bats (D:1)
  4 endoplasms
  3 giant cockroaches
  10 hobgoblins
  7 jackals
  2 quokkas (D:2)
  2 frilled lizards (D:1)
  2 goblins (D:2)
  A goblin skeleton (D:10)
  2 goblin zombies (D:10)
  A hobgoblin skeleton (D:10)
  5 hobgoblin zombies (D:10)
  19 kobolds
  10 orc zombies (D:10)
  2 rats
2416 creatures vanquished.

Vanquished Creatures (collateral kills)
  Mara (Swamp:4)
  A rockslime (Slime:5)
  A deep elf sorcerer (Elf:3)
  An acid dragon (D:7)
  2 sky beasts (D:7)
  An ogre (D:7)
  A hound (D:7)
8 creatures vanquished.

Vanquished Creatures (others)
  A rockslime (Slime:5)
  A draconian knight (Zot:4)
  3 quicksilver oozes (Slime:5)
  A great orb of eyes (Slime:5)
  An alligator (Swamp:2)
  A deep elf knight (Elf:2)
  A wizard (Vaults:4)
  A bloated husk (Swamp:4)
  A tyrant leech (Swamp:2)
  2 hornets (Swamp:4)
  A jumping spider (Spider:3)
  3 slime creatures (Slime:5)
  A human (Spider:2)
  2 swamp worms
  A centaur (D:14)
  8 bushes (Elf:3)
  11 demonic plants (Gauntlet)
  4 foxfires (Swamp:1)
  78 fungi
  112 plants
234 creatures vanquished.

Grand Total: 2658 creatures vanquished

Notes
Turn   | Place    | Note
-------+----------+-------------------------------------------
     0 | D:1      | totalnoob the Minotaur Fighter began the quest for the Orb.
     0 | D:1      | Reached XP level 1. HP: 19/19 MP: 0/0
    21 | D:1      | Found a hide-covered altar of Uskayaw.
   119 | D:1      | Reached XP level 2. HP: 27/27 MP: 1/1
   253 | D:1      | Reached skill level 3 in Axes
   279 | D:1      | Found a faded altar of an unknown god.
  1117 | D:1      | Reached skill level 4 in Fighting
  1117 | D:1      | Reached skill level 4 in Armour
  1117 | D:1      | Reached skill level 4 in Shields
  1117 | D:1      | Reached XP level 3. HP: 33/33 MP: 2/2
  1163 | D:2      | Found Vokh's Antique Weapon Boutique.
  1427 | D:2      | Noticed Sigmund
  1471 | D:1      | Reached XP level 4. HP: 40/40 MP: 3/3
  1509 | D:2      | Bought a runed war axe for 149 gold pieces
  1563 | D:2      | Noticed Terence
  1578 | D:1      | Killed Terence
  1579 | D:1      | Reached skill level 4 in Axes
  2162 | D:2      | HP: 9/40 [something (3)]
  2163 | D:2      | HP: 4/40 [something (2)]
  2172 | D:2      | HP: 10/40 [something (7)]
  2176 | D:2      | Killed Sigmund
  2177 | D:2      | Reached skill level 5 in Axes
  2177 | D:2      | Reached XP level 5. HP: 14/47 MP: 0/4
  2450 | D:3      | Found Ymifuir's Weapon Shop.
  2579 | D:3      | Found Roigolio's Book Shop.
  2597 | D:3      | Reached XP level 6. HP: 55/55 MP: 5/5
  2681 | D:3      | Found Dudwe's Antique Weapon Boutique.
  2773 | D:3      | Found Copres's Magic Scroll Boutique.
  2782 | D:3      | Bought a scroll of identify for 22 gold pieces
  3086 | D:4      | Found a runed translucent gate.
  3086 | D:4      | Found a runed translucent gate.
  3086 | D:4      | Found a runed translucent gate.
  3337 | D:3      | Bought a scroll of teleportation for 33 gold pieces
  3406 | D:4      | Reached skill level 5 in Fighting
  3406 | D:4      | Reached skill level 5 in Armour
  3406 | D:4      | Reached skill level 5 in Shields
  3409 | D:4      | Reached skill level 6 in Axes
  3750 | D:4      | Noticed Grinder
  3759 | D:4      | Killed Grinder
  3760 | D:4      | Reached XP level 7. HP: 42/62 MP: 3/6
  4015 | D:4      | Noticed orehx's ghost (amateur OpEE)
  4474 | D:4      | Killed orehx's ghost
  4475 | D:4      | Reached skill level 7 in Axes
  4478 | D:4      | Reached skill level 6 in Fighting
  4478 | D:4      | Reached skill level 6 in Armour
  4512 | D:5      | Entered Level 5 of the Dungeon
  4601 | D:5      | Found a sparkling altar of Nemelex Xobeh.
  4645 | D:5      | Found a staircase to the Ecumenical Temple.
  4656 | Temple   | Entered the Ecumenical Temple
  4708 | Temple   | Became a worshipper of Makhleb the Destroyer
  4939 | D:5      | Reached XP level 8. HP: 71/71 MP: 7/7
  4993 | D:5      | Reached skill level 8 in Axes
  5289 | D:5      | Reached skill level 1 in Throwing
  5524 | D:6      | Reached * piety under Makhleb
  5533 | D:6      | Reached skill level 2 in Throwing
  5713 | D:6      | Reached skill level 7 in Armour
  5748 | D:6      | Identified a scroll of acquirement
  5753 | D:6      | Reached skill level 7 in Fighting
  5803 | D:7      | Reached skill level 9 in Axes
  5814 | D:8      | Acquired 691 gold pieces
  5843 | D:7      | Reached skill level 3 in Throwing
  5843 | D:7      | Reached XP level 9. HP: 65/79 MP: 6/8
  5849 | D:7      | Reached skill level 10 in Axes
  5881 | D:7      | Reached skill level 8 in Armour
  5899 | D:7      | Reached skill level 8 in Fighting
  5965 | D:7      | Found an ancient bone altar of Kikubaaqudgha.
  6037 | D:7      | Noticed a two-headed ogre
  6075 | D:8      | Reached skill level 11 in Axes
  6077 | D:8      | Reached ** piety under Makhleb
  6092 | D:7      | HP: 18/82 [two-headed ogre (5)]
  6097 | D:7      | HP: 10/82 [poisoned by a killer bee]
  6708 | D:6      | Found a shimmering altar of Xom.
  6761 | D:6      | Found a runed translucent gate.
  6761 | D:6      | Found a runed translucent gate.
  6761 | D:6      | Found a runed translucent gate.
  6764 | D:6      | Noticed stickyfingers's ghost (amateur BaCK)
  6777 | D:6      | Reached skill level 9 in Armour
  6785 | D:6      | Killed stickyfingers's ghost
  6786 | D:6      | Reached skill level 9 in Fighting
  6786 | D:6      | Reached XP level 10. HP: 59/91 MP: 9/9
  7045 | D:6      | Noticed a two-headed ogre
  7054 | D:6      | Killed a two-headed ogre
  7055 | D:6      | Reached skill level 12 in Axes
  7403 | D:7      | Found a glowing golden altar of the Shining One.
  7403 | D:7      | Found a white marble altar of Elyvilon.
  7404 | D:7      | Found a glowing silver altar of Zin.
  7556 | D:7      | Killed a two-headed ogre
  8153 | D:8      | Reached skill level 10 in Fighting
  8272 | D:8      | Noticed a gargoyle
  8282 | D:8      | Killed a gargoyle
  8283 | D:8      | Reached skill level 13 in Axes
  8283 | D:8      | Reached skill level 10 in Armour
  8665 | D:9      | Noticed a two-headed ogre
  8676 | D:9      | Killed a two-headed ogre
  8676 | D:9      | Reached *** piety under Makhleb
  8677 | D:9      | Reached skill level 14 in Axes
  8798 | D:9      | Paralysed by a hornet for 3 turns
  8803 | D:9      | HP: 20/93 [hornet (9)]
  9372 | D:9      | Reached XP level 11. HP: 99/99 MP: 10/10
  9823 | D:9      | Found a hide-covered altar of Uskayaw.
  9831 | D:9      | Found an opulent altar of Gozag.
  9950 | D:3      | Bought the +9 executioner's axe of Disintegration {flame,
                  | rC+ Will+ Stlth-} for 1055 gold pieces
 10075 | D:10     | Entered Level 10 of the Dungeon
 10084 | D:10     | Noticed Sonja
 10287 | D:10     | Killed Sonja
 10502 | D:10     | Reached skill level 15 in Axes
 10502 | D:10     | Found a staircase to the Orcish Mines.
 10556 | D:10     | Reached **** piety under Makhleb
 10840 | D:10     | Noticed a two-headed ogre
 10847 | D:10     | HP: 12/99 [two-headed ogre (15)]
 10859 | D:10     | Killed a two-headed ogre
 11197 | D:11     | Noticed a skeletal warrior
 11213 | D:11     | Killed a skeletal warrior
 11221 | D:11     | Reached skill level 16 in Axes
 11242 | D:11     | Noticed a skeletal warrior
 11242 | D:11     | Noticed a skeletal warrior
 11243 | D:11     | Noticed a skeletal warrior
 11251 | D:11     | Killed a skeletal warrior
 11263 | D:11     | Killed a skeletal warrior
 11309 | D:11     | Killed a skeletal warrior
 11345 | D:11     | Noticed a skeletal warrior
 11351 | D:11     | Killed a skeletal warrior
 11352 | D:11     | Reached skill level 17 in Axes
 11434 | D:11     | Noticed Josephine
 11445 | D:11     | Killed Josephine
 11480 | D:11     | Noticed Urug
 11497 | D:10     | Killed Urug
 11498 | D:10     | Reached XP level 12. HP: 38/106 MP: 11/11
 11589 | D:11     | Found a staircase to the Lair.
 11593 | D:11     | Reached skill level 18 in Axes
 11658 | D:11     | Noticed a two-headed ogre
 11662 | D:11     | Killed a two-headed ogre
 12060 | Lair:1   | Entered Level 1 of the Lair of Beasts
 12060 | Lair:1   | Found the +8 orange crystal plate armour {Archmagi, Int+3
                  | Clar}
 12150 | Lair:1   | Found a dark tunnel.
 12228 | Volcano  | Entered a volcano
 12311 | Volcano  | Reached ***** piety under Makhleb
 12464 | Volcano  | Reached skill level 19 in Axes
 12777 | Lair:1   | Reached skill level 11 in Armour
 12887 | Lair:1   | Noticed a five-headed hydra
 12894 | Lair:1   | Killed a two-headed hydra
 13277 | Lair:2   | You fall into a shaft and drop 2 floors!
 13284 | Lair:4   | Noticed a catoblepas
 13293 | Lair:4   | Killed a catoblepas
 13509 | Lair:4   | Reached XP level 13. HP: 112/113 MP: 12/12
 13523 | Lair:4   | Reached skill level 20 in Axes
 13534 | Lair:4   | HP: 27/113 [poisoned by a black mamba]
 13536 | Lair:4   | HP: 9/113 [cane toad (7)]
 13646 | Lair:4   | Reached skill level 12 in Armour
 13885 | Lair:4   | Found a hole to the Spider Nest.
 14519 | Lair:5   | Reached ****** piety under Makhleb
 14520 | Lair:5   | Reached skill level 21 in Axes
 14604 | Lair:5   | Reached skill level 13 in Armour
 14719 | Lair:5   | You fall into a shaft and drop 1 floor!
 14719 | Lair:6   | Entered Level 6 of the Lair of Beasts
 14766 | Lair:6   | Reached XP level 14. HP: 115/121 MP: 13/13
 14990 | Lair:5   | Identified the +1 chain mail "Tuerenum" {Contam Harm rPois
                  | Int+4}
 15006 | Lair:5   | Reached skill level 22 in Axes
 15093 | Lair:5   | Reached skill level 14 in Armour
 15176 | Lair:5   | Found a staircase to the Slime Pits.
 15207 | Lair:5   | Found a viscous altar of Jiyva.
 16225 | Lair:6   | Reached skill level 23 in Axes
 16461 | Lair:3   | You fall into a shaft and drop 1 floor!
 16479 | Lair:3   | Reached skill level 15 in Armour
 16755 | Lair:3   | Got the Almanac of Mutagenic Darkness
 16904 | Lair:3   | Reached XP level 15. HP: 126/126 MP: 14/14
 17812 | Lair:2   | Found a staircase to the Swamp.
 18331 | Orc:1    | Entered Level 1 of the Orcish Mines
 18429 | Orc:2    | Entered Level 2 of the Orcish Mines
 18429 | Orc:2    | Found a staircase to the Elven Halls.
 18616 | Orc:2    | Found a gate leading to a gauntlet.
 18625 | Gauntlet | Entered a Gauntlet
 18625 | Gauntlet | Found a transporter.
 18625 | Gauntlet | Found a transporter.
 18639 | Gauntlet | Found a transporter.
 18654 | Gauntlet | Found a transporter.
 18660 | Gauntlet | Found a transporter.
 18677 | Gauntlet | Found a transporter.
 18685 | Gauntlet | Found a transporter.
 18702 | Gauntlet | Found a transporter.
 18744 | Gauntlet | Found a transporter.
 18744 | Gauntlet | Found a transporter.
 18760 | Gauntlet | Found a transporter.
 18786 | Gauntlet | Found a transporter.
 18857 | Gauntlet | Identified the amulet of Efiytualaa {Faith rF+}
 18965 | Gauntlet | Identified the +9 dagger of Iloasitt {vorpal, rF+ Int+3
                  | Stlth-}
 18973 | Gauntlet | Reached skill level 1 in Dodging
 18973 | Gauntlet | Reached skill level 1 in Invocations
 19482 | Orc:2    | Reached skill level 2 in Dodging
 19629 | Orc:2    | Reached skill level 2 in Invocations
 19640 | Orc:2    | HP: 31/127 [poisoned by an orc knight]
 19644 | Orc:2    | HP: 7/128 [orc knight (25)]
 19649 | Orc:2    | HP: 13/128 [poisoned by an orc knight]
 19654 | Orc:2    | HP: 13/128 [poisoned by an orc knight]
 19802 | Orc:2    | Reached skill level 24 in Axes
 19968 | Orc:2    | Found Geruafigg's Weapon Shop.
 19971 | Orc:2    | Found Fusow's Book Boutique.
 19972 | Orc:2    | Found Qounad's Assorted Antiques.
 19973 | Orc:2    | Found Kodaat's Distillery.
 19981 | Orc:2    | Bought a potion of heal wounds for 65 gold pieces
 19981 | Orc:2    | Bought a potion of haste for 130 gold pieces
 19981 | Orc:2    | Bought a potion of heal wounds for 65 gold pieces
 19981 | Orc:2    | Bought a potion of berserk rage for 65 gold pieces
 19981 | Orc:2    | Bought a potion of curing for 39 gold pieces
 19981 | Orc:2    | Bought 2 potions of resistance for 260 gold pieces
 19981 | Orc:2    | Bought a potion of berserk rage for 65 gold pieces
 19981 | Orc:2    | Bought a potion of attraction for 39 gold pieces
 19981 | Orc:2    | Bought a potion of invisibility for 104 gold pieces
 19981 | Orc:2    | Bought 2 potions of haste for 260 gold pieces
 19990 | Orc:2    | Bought a scroll of teleportation for 111 gold pieces
 19990 | Orc:2    | Bought a wand of acid (9) for 296 gold pieces
 19990 | Orc:2    | Bought a scroll of teleportation for 111 gold pieces
 20064 | Orc:1    | Paralysed by an orc sorcerer for 2 turns
 20065 | Orc:1    | Reached skill level 3 in Dodging
 20541 | D:12     | Reached skill level 3 in Invocations
 20769 | D:12     | Reached skill level 16 in Armour
 20780 | D:12     | Noticed Jorgrun
 20789 | D:12     | Killed Jorgrun
 21094 | D:13     | Found a gate to the Vaults.
 21094 | D:13     | Noticed Rupert
 21136 | D:13     | Identified the +2 robe of Qoloedon {Archmagi}
 21264 | D:14     | Noticed Louise
 21277 | D:14     | Killed Louise
 21278 | D:14     | Reached skill level 4 in Dodging
 21353 | D:14     | Reached XP level 16. HP: 136/136 MP: 17/17
 21358 | D:14     | Identified the +1 ring mail of Gozag's Generosity {+Inv
                  | rElec Str+10 Slay-5}
 21567 | D:14     | Reached skill level 11 in Fighting
 21567 | D:14     | Reached skill level 4 in Invocations
 21959 | D:14     | Found a frozen archway.
 21972 | IceCv    | Entered an ice cave
 22303 | IceCv    | Reached skill level 5 in Dodging
 22370 | IceCv    | Identified the +0 great sword of Starshine {speed, Will+}
 22462 | D:15     | Entered Level 15 of the Dungeon
 22510 | D:15     | Found a runed translucent gate.
 22513 | D:15     | Noticed Waecyras's ghost (adept KoGl)
 22516 | D:15     | Found a runed translucent gate.
 22516 | D:15     | Found a runed translucent gate.
 22531 | D:15     | Killed Waecyras's ghost
 22536 | D:15     | Reached skill level 5 in Invocations
 22707 | D:15     | Found a broken altar of Ashenzari.
 22775 | D:15     | Found a staircase to the Depths.
 23474 | D:13     | Found an ornate altar of the Wu Jian Council.
 23592 | D:13     | Paralysed by Rupert for 5 turns
 23605 | D:13     | Killed Rupert
 24063 | Spider:1 | Entered Level 1 of the Spider Nest
 24080 | Spider:1 | Reached skill level 6 in Dodging
 24578 | Spider:1 | Gained mutation: You have sharp toenails. [potion of
                  | mutation]
 24578 | Spider:1 | Gained mutation: Your muscles are strong. (Str +2) [potion
                  | of mutation]
 24623 | Spider:1 | Reached skill level 12 in Fighting
 24682 | Spider:1 | Reached skill level 6 in Invocations
 24878 | Spider:1 | Reached skill level 25 in Axes
 25408 | Spider:2 | Reached XP level 17. HP: 143/146 MP: 20/20
 25518 | Spider:2 | Reached skill level 17 in Armour
 25518 | Spider:2 | Reached skill level 7 in Dodging
 25930 | Spider:2 | Noticed Kirke
 25939 | Spider:2 | Killed Kirke
 26741 | Spider:3 | Reached skill level 7 in Invocations
 27114 | Spider:4 | Entered Level 4 of the Spider Nest
 27268 | Spider:4 | Reached skill level 8 in Dodging
 27271 | Spider:4 | Noticed Aizul
 27280 | Spider:4 | Killed Aizul
 27347 | Spider:4 | Found a transporter.
 27361 | Spider:4 | Noticed skAll's ghost (adept HuMo)
 27378 | Spider:4 | Found a transporter.
 27518 | Spider:4 | Reached skill level 13 in Fighting
 27581 | Spider:4 | Killed skAll's ghost
 27592 | Spider:4 | Identified the +1 robe of Least Resistance {*Slow +Blink
                  | rF+++ Str-5}
 27601 | Spider:4 | Identified the +2 pair of gloves "Roataqy" {rN+ Will+}
 27621 | Spider:4 | Identified the +2 cloak of Starshine {rF- rN++ Str+4
                  | Slay+3}
 28097 | Spider:4 | Reached skill level 8 in Invocations
 28137 | Spider:4 | Reached XP level 18. HP: 117/157 MP: 23/23
 28139 | Spider:4 | Reached skill level 26 in Axes
 28139 | Spider:4 | Reached skill level 9 in Dodging
 28161 | Spider:4 | Got a gossamer rune of Zot
 28378 | Swamp:1  | Entered Level 1 of the Swamp
 28722 | D:3      | Bought a book of Spatial Translocations for 338 gold pieces
 28728 | D:3      | Learned a level 5 spell: Manifold Assault
 29108 | Swamp:2  | Reached skill level 1 in Evocations
 29142 | Swamp:2  | Reached skill level 1 in Translocations
 29148 | Swamp:2  | Reached skill level 1 in Spellcasting
 29403 | Swamp:3  | Reached skill level 18 in Armour
 29505 | Swamp:4  | Entered Level 4 of the Swamp
 29505 | Swamp:4  | Identified Roxanne's Guide on the Rocks
 29505 | Swamp:4  | Noticed Roxanne
 29524 | Swamp:3  | Reached skill level 2 in Evocations
 29569 | Swamp:4  | Killed Roxanne
 29661 | Swamp:4  | Reached skill level 9 in Invocations
 29667 | Swamp:4  | Reached skill level 2 in Translocations
 29682 | Swamp:4  | Reached skill level 2 in Spellcasting
 29684 | Swamp:4  | Reached skill level 14 in Fighting
 29704 | Swamp:4  | Reached skill level 10 in Dodging
 29706 | Swamp:4  | Noticed Mara
 29780 | Swamp:4  | Noticed totalnoob's illusion
 29795 | Swamp:3  | Reached skill level 3 in Evocations
 29940 | Swamp:4  | Noticed totalnoob's illusion
 29973 | Swamp:4  | Killed Mara
 30048 | Swamp:4  | Reached skill level 3 in Translocations
 30101 | Swamp:4  | Reached XP level 19. HP: 167/167 MP: 25/25
 30281 | Swamp:4  | Got the Compendium of Air and the Oath
 30285 | Swamp:4  | Noticed Bai Suzhen
 30294 | Swamp:4  | Killed Bai Suzhen
 30377 | Swamp:4  | Identified the +3 great sword "Iporoin" {vorpal, rPois}
 30382 | Swamp:4  | Got a decaying rune of Zot
 30755 | Vaults:1 | Entered Level 1 of the Vaults
 30772 | Vaults:1 | Reached skill level 3 in Spellcasting
 30968 | Elf:1    | Entered Level 1 of the Elven Halls
 31030 | Elf:1    | Reached skill level 4 in Evocations
 31979 | Elf:2    | Found Qeunyga's Armour Shoppe.
 32243 | Elf:2    | Reached skill level 10 in Invocations
 32505 | Elf:2    | Found a runed translucent door.
 32507 | Elf:2    | Noticed Heg Cuhi's ghost (adept MiFi)
 32780 | Elf:2    | Found a radiant altar of Vehumet.
 32958 | Elf:2    | Found a runed translucent gate.
 32958 | Elf:2    | Found a runed translucent gate.
 32958 | Elf:2    | Found a runed translucent gate.
 33021 | Elf:3    | Entered Level 3 of the Elven Halls
 33029 | Elf:3    | Reached skill level 4 in Translocations
 33037 | Elf:3    | Reached skill level 11 in Dodging
 33041 | Elf:3    | HP: 42/169 [acid (11)]
 33383 | Elf:3    | Reached skill level 5 in Evocations
 33641 | Elf:3    | Identified the +0 mace of Disorder {elec, Int+4}
 33897 | Elf:2    | Reached skill level 4 in Spellcasting
 34892 | Elf:3    | Reached skill level 15 in Fighting
 35557 | Elf:3    | Identified the +0 leather armour of Creativity {rPois rN+
                  | SInv}
 35557 | Elf:3    | Identified the ring "Curiofe" {rC+ rCorr MP+9 Str+2}
 35558 | Elf:3    | Reached XP level 20. HP: 167/178 MP: 26/26
 35558 | Elf:3    | Identified the +10 spear of Excruciating Pain {venom, rN+}
 36027 | Elf:3    | Identified the +5 battleaxe "Stringbean" {antimagic, rElec
                  | rPois Str-3}
 36105 | Elf:3    | Got the Incunabulum of Unstable Feathers
 37053 | Elf:3    | Identified the amulet of Weottakhlycw {RegenMP Str+2}
 37061 | Elf:3    | Reached skill level 19 in Armour
 37349 | Vaults:1 | Reached skill level 5 in Translocations
 37356 | Vaults:1 | Reached skill level 4 in Throwing
 37507 | Vaults:1 | Found a portal to a secret trove of treasure.
 37541 | Vaults:1 | Reached skill level 6 in Evocations
 37581 | Vaults:1 | You paid a toll of 3 potions of resistance to enter a
                  | treasure trove
 37582 | Trove    | Entered a treasure trove
 37592 | Trove    | Identified the ring of the Commoners {rPois rCorr}
 37593 | Trove    | Identified the ring of Scepticism {rF+ rCorr}
 37596 | Trove    | Identified the ring of Qustraf {rF+ SInv}
 37610 | Trove    | Identified the ring of Binlie {rN+ MP+9}
 37613 | Trove    | Identified the +4 executioner's axe "Xyothronu" {protect,
                  | rPois MP+9 Stlth+}
 38187 | Vaults:1 | Reached skill level 11 in Invocations
 38641 | Slime:1  | Entered Level 1 of the Pits of Slime
 38739 | Slime:3  | Reached skill level 5 in Throwing
 38741 | Slime:3  | Reached skill level 5 in Spellcasting
 38763 | Slime:5  | Entered Level 5 of the Pits of Slime
 38886 | Slime:5  | Reached skill level 12 in Dodging
 38984 | Slime:5  | Noticed the Royal Jelly
 39021 | Slime:4  | Gained mutation: You are clumsy. (Dex -2) [a shining eye]
 39288 | Slime:5  | Gained mutation: Your body sometimes deteriorates upon
                  | taking damage. [a shining eye]
 39603 | Slime:4  | Gained mutation: You do not regenerate when monsters are
                  | visible. [a shining eye]
 39604 | Slime:4  | Gained mutation: You possess an exceptional clarity of
                  | mind. [a shining eye]
 39605 | Slime:4  | Lost mutation: You possess an exceptional clarity of mind.
                  | [a shining eye]
 39611 | Slime:4  | Lost mutation: Your body sometimes deteriorates upon taking
                  | damage. [potion of mutation]
 39611 | Slime:4  | Lost mutation: You are clumsy. (Dex -2) [potion of
                  | mutation]
 39611 | Slime:4  | Gained mutation: You have a pair of large horns on your
                  | head. [potion of mutation]
 39611 | Slime:4  | Lost mutation: Your muscles are strong. (Str +2) [potion of
                  | mutation]
 39611 | Slime:4  | Gained mutation: You are agile. (Dex +2) [potion of
                  | mutation]
 39612 | Slime:4  | Lost mutation: You are agile. (Dex +2) [potion of mutation]
 39612 | Slime:4  | Lost mutation: You have a pair of large horns on your head.
                  | [potion of mutation]
 39612 | Slime:4  | Lost mutation: You do not regenerate when monsters are
                  | visible. [potion of mutation]
 39612 | Slime:4  | Gained mutation: Your muscles are strong. (Str +2) [potion
                  | of mutation]
 39612 | Slime:4  | Gained mutation: You have a beak for a mouth. [potion of
                  | mutation]
 39896 | Slime:2  | Reached skill level 7 in Evocations
 39946 | Slime:3  | Reached skill level 6 in Translocations
 40248 | Slime:2  | Found a viscous altar of Jiyva.
 40258 | Slime:1  | Reached XP level 21. HP: 187/187 MP: 28/28
 40287 | Slime:1  | Reached skill level 6 in Throwing
 41262 | Slime:5  | Reached skill level 16 in Fighting
 41626 | Slime:5  | Found a viscous altar of Jiyva.
 41667 | Slime:5  | Killed the Royal Jelly
 41670 | Slime:5  | HP: 45/188 [acid[the Royal Jelly] (9)]
 41690 | Slime:5  | HP: 41/188 [acid blob[the Royal Jelly] (13)]
 41692 | Slime:5  | HP: 13/188 [acid blob[the Royal Jelly] (27)]
 41693 | Slime:5  | HP: 3/188 [acid[the Royal Jelly] (4)]
 41701 | Slime:5  | HP: 20/188 [acid[the Royal Jelly] (6)]
 41707 | Slime:5  | HP: 17/188 [quicksilver ooze[the Royal Jelly] (4)]
 41712 | Slime:5  | HP: 14/188 [acid[the Royal Jelly] (6)]
 41714 | Slime:5  | HP: 6/282 [acid[the Royal Jelly] (2)]
 41714 | Slime:5  | HP: 1/282 [acid[the Royal Jelly] (4)]
 41740 | Slime:5  | HP: 1/188 [rockslime[the Royal Jelly] (9)]
 41868 | Slime:5  | HP: 46/188 [acid (4)]
 42265 | Slime:5  | Acquired the +0 pair of gloves "Jixkemua" {rElec Will+
                  | Dex+2}
 42267 | Slime:5  | Identified the +3 war axe "Lifebane" {holy, Dex+3}
 42304 | Slime:5  | Identified the +1 plate armour of Lifelessness {rPois MP+9
                  | Dex+4}
 42313 | Slime:5  | Got the Grimoire of the Creative Mountains
 42324 | Slime:5  | Got a slimy rune of Zot
 42351 | Slime:5  | Identified the +5 flail of Filigreed Judgement {holy, rC+
                  | rN+}
 42361 | Slime:5  | Identified the +7 short sword of Ethereal Defence {flame,
                  | +Blink Fly Int-4 Dex+3}
 42764 | Vaults:2 | Reached skill level 6 in Spellcasting
 42842 | Vaults:2 | Reached skill level 7 in Throwing
 43036 | Vaults:4 | Reached skill level 12 in Invocations
 43036 | Vaults:4 | Reached skill level 8 in Evocations
 43219 | Vaults:4 | Reached skill level 13 in Dodging
 43393 | Vaults:4 | Reached skill level 20 in Armour
 43410 | Vaults:5 | Entered Level 5 of the Vaults
 43421 | Vaults:5 | Reached XP level 22. HP: 183/198 MP: 30/30
 43425 | Vaults:5 | Reached skill level 8 in Throwing
 43432 | Vaults:5 | Reached skill level 9 in Evocations
 43436 | Vaults:5 | Reached skill level 17 in Fighting
 43445 | Vaults:5 | Noticed a golden dragon
 43453 | Vaults:5 | Killed a golden dragon
 43511 | Vaults:4 | Reached skill level 9 in Throwing
 43668 | Vaults:5 | Reached skill level 13 in Invocations
 43673 | Vaults:5 | Reached skill level 14 in Dodging
 44166 | Vaults:5 | Noticed a golden dragon
 44171 | Vaults:5 | Reached skill level 10 in Evocations
 44171 | Vaults:5 | Reached XP level 23. HP: 206/206 MP: 31/31
 44796 | Vaults:5 | Got the Grimoire of Intoxication
 44807 | Vaults:5 | Identified the ring "Cacess" {rC+ rCorr MP+9}
 44852 | Vaults:5 | Got a silver rune of Zot
 44892 | Vaults:5 | Noticed a dread lich
 44901 | Vaults:5 | Killed a dread lich
 44902 | Vaults:5 | Reached skill level 10 in Throwing
 44904 | Vaults:5 | Identified the ring "Baibbel" {rElec rPois rC+ rCorr}
 44944 | Vaults:5 | Identified the +5 scale mail "Punar" {rCorr}
 44958 | Vaults:5 | Reached skill level 21 in Armour
 44964 | Vaults:5 | Reached skill level 18 in Fighting
 45898 | D:3      | Bought a scroll of teleportation for 33 gold pieces
 46119 | Depths:1 | Entered Level 1 of the Depths
 46166 | Depths:1 | Reached skill level 15 in Dodging
 46173 | Depths:1 | Found a gateway to Hell.
 46822 | Vaults:4 | Reached skill level 11 in Evocations
 46904 | Vaults:4 | Found Akuidde's Book Shop.
 48026 | Vaults:2 | Noticed Sojobo
 48037 | Vaults:2 | Killed Sojobo
 48757 | Depths:1 | Reached XP level 24. HP: 220/220 MP: 31/31
 48880 | Depths:1 | Found Caremesy's One-of-a-Kind Books.
 48889 | Depths:1 | Reached skill level 19 in Fighting
 48964 | Depths:1 | Found Gemiso Xiki's Blood Bar.
 49145 | Depths:1 | Found a one-way gate leading to the halls of Pandemonium.
 49326 | Depths:1 | Identified the +6 dagger "Ilomm" {holy, rPois Int-4 SInv}
 49527 | Depths:2 | Found Hemuek's Jewellery Boutique.
 49527 | Depths:2 | Found Uvviosofiph's Book Emporium.
 49528 | Depths:2 | Found Yfotouc's Book Emporium.
 49562 | Depths:2 | Noticed Nikola
 49568 | Depths:2 | Killed Nikola
 49569 | Depths:2 | Reached skill level 16 in Dodging
 49756 | Depths:2 | Reached skill level 12 in Evocations
 49795 | Depths:2 | Reached skill level 22 in Armour
 49941 | Depths:2 | Identified the ring "Powo" {rC+ EV+4}
 50897 | Depths:3 | Found a shimmering altar of Xom.
 51136 | Depths:3 | Found an ancient bone altar of Kikubaaqudgha.
 51275 | Depths:3 | Found a stormy altar of Qazlal.
 51275 | Depths:3 | Found a hide-covered altar of Uskayaw.
 51277 | Depths:3 | Found an iron altar of Okawaru.
 51277 | Depths:3 | Found a sacrificial altar of Ru.
 51277 | Depths:3 | Found a hide-covered altar of Uskayaw.
 51615 | Orc:2    | Bought a potion of berserk rage for 185 gold pieces
 51615 | Orc:2    | Bought a potion of invisibility for 296 gold pieces
 51615 | Orc:2    | Bought a wand of mindburst (16) for 148 gold pieces
 51615 | Orc:2    | Bought 2 scrolls of enchant armour for 555 gold pieces
 52094 | Depths:4 | Found a white marble altar of Elyvilon.
 52126 | Depths:4 | Identified the +0 pair of gloves of the Past {Drain rElec
                  | SInv}
 52199 | Depths:4 | HP: 52/223 [skeletal warrior (19)]
 52528 | Depths:5 | Entered Level 5 of the Depths
 52546 | Depths:5 | Noticed a juggernaut
 52555 | Depths:5 | Killed a juggernaut
 52556 | Depths:5 | Reached skill level 20 in Fighting
 52556 | Depths:5 | Reached skill level 17 in Dodging
 52556 | Depths:5 | Reached skill level 13 in Evocations
 52710 | Depths:5 | Reached XP level 25. HP: 226/231 MP: 31/31
 52732 | Depths:5 | Found Nafrax's Distillery.
 52735 | Depths:5 | Found Heonwuh's Antique Armour Emporium.
 52735 | Depths:5 | Found Fuhit's Armour Shoppe.
 52754 | Depths:5 | Found Dougg's Magic Scroll Shoppe.
 52766 | Depths:5 | Bought a scroll of teleportation for 69 gold pieces
 52766 | Depths:5 | Bought a scroll of teleportation for 69 gold pieces
 52766 | Depths:5 | Bought a scroll of summoning for 218 gold pieces
 52766 | Depths:5 | Bought 2 scrolls of teleportation for 138 gold pieces
 52766 | Depths:5 | Bought a scroll of enchant armour for 172 gold pieces
 52778 | Depths:5 | Bought a potion of curing for 48 gold pieces
 52778 | Depths:5 | Bought a potion of mutation for 128 gold pieces
 52778 | Depths:5 | Bought a potion of haste for 160 gold pieces
 52778 | Depths:5 | Bought a potion of magic for 128 gold pieces
 52778 | Depths:5 | Bought a potion of invisibility for 128 gold pieces
 52778 | Depths:5 | Bought a potion of curing for 48 gold pieces
 52778 | Depths:5 | Bought a potion of curing for 48 gold pieces
 52778 | Depths:5 | Bought a potion of heal wounds for 80 gold pieces
 52778 | Depths:5 | Bought a potion of magic for 128 gold pieces
 52778 | Depths:5 | Bought a potion of haste for 160 gold pieces
 52910 | Depths:5 | Identified the +6 chain mail "Ywylig" {rN+}
 53103 | Depths:5 | Found a gate to the Realm of Zot.
 53138 | Depths:5 | Noticed a juggernaut
 53147 | Depths:5 | Killed a juggernaut
 53148 | Depths:5 | Reached skill level 23 in Armour
 53535 | Depths:5 | Got the Catalogue of Distant Shores
 54448 | Zot:1    | Entered Level 1 of the Realm of Zot
 54529 | Zot:1    | Learned a level 2 spell: Blink
 54804 | Zot:3    | Reached skill level 18 in Dodging
 54804 | Zot:3    | Reached skill level 14 in Evocations
 54833 | Zot:4    | Reached skill level 21 in Fighting
 56020 | Zot:1    | Reached XP level 26. HP: 126/244 MP: 31/31
 58065 | Zot:4    | Reached skill level 24 in Armour
 58549 | Zot:4    | Reached skill level 19 in Dodging
 58593 | Zot:4    | Reached skill level 15 in Evocations
 58899 | Zot:5    | Entered Level 5 of the Realm of Zot
 59164 | Zot:5    | Reached skill level 22 in Fighting
 59472 | Zot:5    | HP: 48/246 [Orb Guardian (21)]
 59483 | Zot:5    | HP: 88/369 [Orb Guardian (13)]
 60260 | Zot:5    | Noticed an orb of fire
 60261 | Zot:5    | Gained mutation: You have sharp fingernails. [an orb of
                  | fire]
 60268 | Zot:5    | Noticed an orb of fire
 60268 | Zot:5    | Gained mutation: You are frail. (-10% HP) [an orb of fire]
 60275 | Zot:5    | Gained mutation: You sometimes lose the ability to read
                  | scrolls when taking damage. [an orb of fire]
 60281 | Zot:5    | Killed an orb of fire
 60282 | Zot:5    | Gained mutation: Armour fits poorly on your strangely
                  | shaped body. [an orb of fire]
 60287 | Zot:5    | Noticed a dread lich
 60288 | Zot:5    | Killed an orb of fire
 60295 | Zot:5    | Noticed an ancient lich
 60314 | Zot:4    | Killed a dread lich
 60316 | Zot:4    | Lost mutation: You sometimes lose the ability to read
                  | scrolls when taking damage. [potion of mutation]
 60316 | Zot:4    | Lost mutation: You have sharp fingernails. [potion of
                  | mutation]
 60316 | Zot:4    | Gained mutation: Your mind is acute. (Int +2) [potion of
                  | mutation]
 60316 | Zot:4    | Gained mutation: Your mind is very acute. (Int +4) [potion
                  | of mutation]
 60317 | Zot:4    | Lost mutation: Armour fits poorly on your strangely shaped
                  | body. [potion of mutation]
 60317 | Zot:4    | Lost mutation: Your mind is very acute. (Int +4) [potion of
                  | mutation]
 60317 | Zot:4    | Gained mutation: You possess an exceptional clarity of
                  | mind. [potion of mutation]
 60335 | Zot:5    | Killed an ancient lich
 60342 | Zot:5    | Noticed a dread lich
 60350 | Zot:5    | Killed a dread lich
 60351 | Zot:5    | Reached skill level 23 in Fighting
 60351 | Zot:5    | Reached XP level 27. HP: 232/232 MP: 32/32
 60396 | Zot:5    | Noticed an ancient lich
 60402 | Zot:5    | Noticed an ancient lich
 60415 | Zot:5    | Killed an ancient lich
 60416 | Zot:5    | Reached skill level 14 in Invocations
 60422 | Zot:5    | Killed an ancient lich
 60655 | Zot:5    | Noticed an ancient lich
 60662 | Zot:5    | Noticed an orb of fire
 60668 | Zot:5    | Killed an orb of fire
 60674 | Zot:5    | Killed an ancient lich
 60807 | Zot:5    | Reached skill level 20 in Dodging
 60814 | Zot:5    | Noticed a dread lich
 60890 | Zot:5    | Reached skill level 25 in Armour
 60924 | Zot:5    | Killed a dread lich
 61270 | Zot:5    | Reached skill level 24 in Fighting
 61395 | Zot:5    | Got the Orb of Zot
 62049 | D:$      | Escaped with the Orb!

Illustrated notes

Levels and vault maps discovered:
D:1:      heliophobic_arrival_battle_scene, layout_basic,
          hellmonk_ecumenical_altar_arch_garden, minmay_hexomino_r4
D:2:      layout_basic, serial_shops, shop_coins, uniq_terence, uniq_sigmund
D:3:      layout_basic, serial_shops, shop_scrolls, shop_statue,
          nicolae_shop_temple_entry_statues_fountains, nicolae_shop_stone
D:4:      layout_layer_cave, gammafunk_ghost_necromancy, uniq_grinder
D:5:      layout_basic, mainiacjoe_overflow_paths, minmay_temple_entry_arrows
D:6:      layout_rooms, mainiacjoe_overflow_chevrons, ebering_ghost_rock_garden
D:7:      layout_cave_pools, good_gods_mini_temple, general_overflow_altar,
          lightli_ossuary_entry_decrepit_ruins, grunt_livestock, minmay_circle_x
D:8:      layout_basic, kennysheep_generic_room_6
D:9:      layout_rooms, amethyst_overflow_temple_binary,
          minmay_misc_feat_diagonals, minmay_stone_trees_small, minmay_ruffians
D:10:     layout_long_grid, zombieorc1_lemuel, minivault_25, uniq_sonja
D:11:     layout_loops_ring, due_lair_maze_entry_diamond, uniq_urug,
          uniq_josephine
D:12:     layout_irregular_city, uniq_jorgrun
D:13:     layout_cross, david_vaults_3, small_statue_alley_a,
          nicolae_wu_jian_immortal_techniques
D:14:     layout_basic, portal_ice_cave_entry_ice_statue_one,
          kennysheep_minor_cross, uniq_louise
D:15:     grunt_enter_depths_giant_problem, layout_small_grid,
          grunt_decor_clamped, gammafunk_ghost_hydra_chop, minmay_misc_feat_chi,
          ashenzari_altar_1
Temple:   eino_narrow_crystal_temple
Lair:1:   layout_cave_shapes, enter_volcano_2, chequers_serial_rivers_micro_a
Lair:2:   layout_cave_pods, minmay_swamp_entry_worms, beast_lair_carwin_1
Lair:3:   layout_cave_pods, grunt_megastairs_4
Lair:4:   hangedman_what_comes_after_a, layout_regular_city,
          spider_nest_entry_funnel_web
Lair:5:   layout_regular_city, slime_altar_1, st_stairs_13, minmay_holes,
          lookout_lair_type, dpeg_oklob_1, uniq_rupert
Lair:6:   hangedman_lair_caniforms_friends, layout_long_grid,
          hangedman_lair_tendril_chambers
Swamp:1:  layout_basic_swamp, nicolae_swamp_bean_lake, swamp_pool1,
          cheibrodos_swamp_minitomb
Swamp:2:  layout_basic_swamp, hangedman_swamp_pad, swamp_pool5
Swamp:3:  layout_basic_swamp, serial_swamp_ruin, evilmike_swamp_ruin_wall,
          evilmike_swamp_ruin_rubble_2, evilmike_swamp_ruin_house_2,
          infiniplex_staircase_pool_2
Swamp:4:  swamp, layout_basic_swamp, nicolae_swamp_spriggan_camp,
          infiniplex_staircase_pool, uniq_mara, uniq_roxanne, uniq_bai_suzhen
Spider:1: layout_chambers, drop_trap
Spider:2: layout_chambers, uniq_kirke
Spider:3: layout_spider_delve, nicolae_spider_cling_halls
Spider:4: floodkiller_spider_rune_tomb, gammafunk_ghost_berserking_beasts,
          uniq_aizul
Slime:1:  nicolae_slime_jelly_donut, layout_caves
Slime:2:  layout_caves, basic_altar
Slime:3:  layout_caves
Slime:4:  layout_caves, nicolae_slime_barrier, nicolae_slime_phagocytosis
Slime:5
Orc:1:    cheibrodos_orc_bank, layout_caves
Orc:2:    st_orc_pillars, layout_caves, gauntlet_entry_generic
Elf:1:    nicolae_elf_arrival_no_cutting_in_line, layout_loops_cross,
          kennysheep_underground_church, st_stairs_11, grunt_ministairs_3,
          hangedman_elf_targetted_burst, lemuel_upstairs_altar
Elf:2:    nicolae_elf_blades_crystal_corner, layout_gridlike,
          ebering_ghost_inner_flame, serial_shops, nicolae_stop_n_shop_1,
          basic_altar
Elf:3:    grunt_elf_hall_diamonds, layout_geoelf_castle
Vaults:1: vaults_mumra_lcd, v_alt_pattern_2, ontoclasm_vaults_pinch,
          nicolae_vaults_yaktaur_gun_rack, nicolae_vaults_rhombus_6,
          vaults_room_corners, hangedman_vaults_corner,
          ontoclasm_vaults_gallery, nicolae_vaults_little_squares_5,
          layout_vaults_maze, serial_shops, bzr_entry_road, enter_trove_5
Vaults:2: vaults_room_pools, v_misc_27, vaults_room_ringed_pool,
          ontoclasm_vaults_ring_small, nicolae_vaults_big_angled_halls,
          vaults_dpeg_diagonal, nicolae_vaults_little_squares_2,
          minmay_crypt_entry_simple_statues, v_rooms_2,
          ontoclasm_vaults_gateway, vaults_dpeg_hooks,
          nicolae_vaults_three_branches, nicolae_vaults_little_squares_6,
          layout_vaults_omnibox, uniq_sojobo
Vaults:3: kennysheep_vaults_gozag_temple, nicolae_vaults_triangles,
          nicolae_vaults_little_ls, vaults_mumra_chevron,
          hangedman_vaults_slice, v_misc_30, nicolae_vaults_little_squares_3,
          layout_vaults_omnigrid, uniq_asterion
Vaults:4: nicolae_vaults_stairing_the_circle, grunt_vaults_bifocal,
          ontoclasm_vaults_loading_screen, hangedman_vaults_nodes,
          grunt_vaults_swirl, nicolae_vaults_minivaults, vaults_dpeg_spiral,
          v_misc_12, nicolae_vaults_gold_heap, v_pattern_4,
          grunt_vaults_hallway_short, ontoclasm_vaults_loading_screen,
          vaults_room_pool, vaults_dpeg_encased_lava, layout_vaults_big_cross,
          serial_shops, nicolae_shop_stone
Vaults:5: serial_shops
Depths:1: layout_cave_pools, grunt_metal_band, rand_demon_pan_entry_7,
          hangedman_decor_opposing, serial_sigils_hangedman_quiver,
          nicolae_rare_books, st_stairs_2, hangedman_glass_teeth,
          serial_bayou_ford_a, guppyfry_shop_blood
Depths:2: kennysheep_demon_jail, layout_gridlike, kennysheep_doodads,
          pf_coc_iceberg, minmay_shop_grove, uniq_nikola
Depths:3: lemuel_vampire_tower, layout_cave_pools,
          hangedman_abyss_or_decor_jellyfish_corner, rand_demon_pan_entry_3,
          grunt_hell_entry_dis_mu, doesnt_xom_only_xom
Depths:4: cheibrodos_tormentor_scu, layout_cave_pools, enter_ziggurat_d,
          serial_shops, shop, hangedman_abyss_entry_splay, elyvilon_altar_4,
          hell_entry, grunt_pan_entry_zigzag, minmay_misc_feat_ornament,
          chequers_serial_rivers_small_3, drop_trap
Depths:5: grunt_zot_entry_pinwheel, layout_gridlike, hell_entry, pan_entry,
          grunt_ministairs_10, minmay_shoptagon
Zot:1:    layout_misc_corridors
Zot:2:    layout_cathedral_of_symmetry, st_stairs_8
Zot:3:    layout_gridville
Zot:4:    layout_onion_interference, grunt_megastairs_5
Zot:5:    layout_gridlike, st_stairs_11, guppyfry_library_mini

Skill      XL: |  1  2  3  4  5  6  7  8  9 10 11 12 13 14 15 16 17 18 19 20 21 22 23 24 25 26 27 |
---------------+----------------------------------------------------------------------------------+-----
Axes           | 3 5 6 7 9 11 14 17 19 21 23 24 25 26 | 26.0
Fighting       | 4 5 6 7 9 10 12 13 14 15 16 17 18 20 21 23 24 | 24.3
Armour         | 4 5 6 7 9 10 11 13 15 16 17 18 19 20 21 22 23 24 25 | 25.2
Shields        | 4 5 |  5.0
Throwing       | 3 5 7 9 10 | 10.0
Dodging        | 4 6 8 10 11 12 13 14 15 17 18 19 20 | 20.4
Invocations    | 3 6 8 9 10 11 12 13 14 | 14.9
Evocations     | 3 5 7 8 10 11 13 14 15 | 15.0
Translocations | 3 4 6 |  6.7
Spellcasting   | 2 4 5 6 |  6.0

Action                   |  1- 3 |  4- 6 |  7- 9 | 10-12 | 13-15 | 16-18 | 19-21 | 22-24 | 25-27 || total
-------------------------+-------+-------+-------+-------+-------+-------+-------+-------+-------++-------
Melee: War axe           |    75 |    57 |    56 |       |       |       |       |       |       ||   188
       Headbutt          |    10 |    13 |    41 |    74 |   145 |   216 |   251 |   297 |   225 ||  1272
       Broad axe         |       |       |   166 |   148 |       |       |       |       |       ||   314
       Unarmed           |       |       |       |     4 |       |       |       |       |       ||     4
       Executioner's axe |       |       |       |   229 |   861 |   976 |   936 |   950 |   736 ||  4688
       Peck              |       |       |       |       |       |       |   103 |   305 |   240 ||   648
Throw: Dart              |       |     3 |     4 |    28 |     5 |     8 |     2 |       |       ||    50
       Javelin           |       |       |       |    12 |       |     2 |    17 |     2 |    17 ||    50
       Boomerang         |       |       |       |       |       |       |       |       |     1 ||     1
Invok: Lesser Servant of |       |       |       |       |       |     4 |       |     1 |       ||     5
       Greater Servant o |       |       |       |       |       |       |     1 |       |       ||     1
Evoke: Wand              |       |       |       |     5 |     1 |    12 |     5 |       |     1 ||    24
       Tin of tremorston |       |       |       |       |       |     5 |     8 |     1 |       ||    14
       Box of beasts     |       |       |       |       |       |     2 |     3 |       |       ||     5
       Phantom mirror    |       |       |       |       |       |       |     2 |       |     1 ||     3
       Phial of floods   |       |       |       |       |       |       |     1 |       |       ||     1
       Condenser vane    |       |       |       |       |       |       |     1 |     1 |       ||     2
  Use: Potion            |       |     5 |     3 |     1 |     5 |     2 |    20 |     1 |    15 ||    52
       Scroll            |       |     4 |     8 |     7 |     7 |    16 |    13 |     2 |     8 ||    65
 Stab: Invisible         |       |       |     2 |       |       |       |       |       |       ||     2
       Distracted        |       |       |       |     1 |       |     2 |       |       |     1 ||     4
       Confused          |       |       |       |       |       |     3 |       |       |       ||     3
Armor: Scale mail        |     6 |       |       |       |       |       |       |       |       ||     6
       Ring mail         |    39 |    18 |   126 |   120 |       |       |    92 |       |       ||   395
       Skin              |       |       |       |     1 |       |       |       |       |       ||     1
       Crystal plate arm |       |       |       |   111 |   853 |  1209 |   448 |   579 |   501 ||  3701
Dodge: Dodged            |    32 |    22 |    95 |   156 |   250 |   471 |   348 |   370 |   356 ||  2100
Block: Kite shield       |    49 |    27 |   134 |       |       |       |       |       |       ||   210
       Buckler           |       |       |       |    41 |       |       |       |       |       ||    41
       Reflection        |       |       |       |     5 |       |       |    22 |    10 |     1 ||    38
       Other             |       |       |       |       |       |       |   133 |   156 |    65 ||   354

Table legend: (Time is in decaauts)
 A = Elapsed time spent in this place.
 B = Non-inter-level travel time spent in this place.
 C = Inter-level travel time spent in this place.
 D = Time resting spent in this place.
 E = Time spent auto-exploring this place.
 F = Levels seen in this place.
 G = Mean time per level.
                   A        B        C        D        E       F      G
               +--------+--------+--------+--------+--------+-----+--------+
         Total |  61213 |  53382 |   7831 |   8327 |  32309 |  59 | 1037.5 |
       Dungeon |  17403 |  14275 |   3128 |   1107 |  10488 |  15 | 1160.2 |
        Temple |     60 |     43 |     17 |      0 |     10 |   1 |   60.0 |
          Lair |   6719 |   5435 |   1284 |     27 |   4241 |   6 | 1119.8 |
         Swamp |   1752 |   1628 |    124 |    275 |    591 |   4 |  438.0 |
   Spider Nest |   3929 |   3674 |    255 |    243 |   2508 |   4 |  982.2 |
    Slime Pits |   3851 |   3359 |    492 |   1299 |   1185 |   5 |  770.2 |
  Orcish Mines |   1912 |   1511 |    401 |    148 |    865 |   2 |  956.0 |
   Elven Halls |   5978 |   5509 |    469 |   1684 |   2925 |   3 | 1992.7 |
        Vaults |   6356 |   5529 |    827 |    658 |   3067 |   5 | 1271.2 |
        Depths |   5073 |   4617 |    456 |    544 |   3004 |   5 | 1014.6 |
           Zot |   6888 |   6513 |    375 |   2024 |   2963 |   5 | 1377.6 |
         Trove |     69 |     69 |      0 |      0 |      5 |   1 |   69.0 |
      Ice Cave |    437 |    437 |      0 |    219 |     29 |   1 |  437.0 |
       Volcano |    423 |    423 |      0 |     58 |    223 |   1 |  423.0 |
      Gauntlet |    358 |    358 |      0 |     41 |    203 |   1 |  358.0 |
               +--------+--------+--------+--------+--------+-----+--------+

Top non-repeatable levels by time:
   Elf:3: 2845 daAuts
   Zot:5: 2127 daAuts
   Elf:2: 1840 daAuts
Vaults:5: 1645 daAuts
Vaults:4: 1639 daAuts
     D:4: 1555 daAuts
 Slime:4: 1428 daAuts
     D:8: 1403 daAuts
Vaults:1: 1360 daAuts
  Lair:4: 1360 daAuts
Depths:5: 1322 daAuts
   Zot:4: 1314 daAuts
    D:10: 1314 daAuts
   Orc:2: 1304 daAuts
     D:9: 1303 daAuts

Table legend:
 A = Kills in this place as a percentage of kills in entire the game.
 B = Kills by you in this place as a percentage of kills by you in the entire game.
 C = Kills by friends in this place as a percentage of kills by friends in the entire game.
 D = Other kills in this place as a percentage of other kills in the entire game.
 E = Experience gained in this place as a percentage of experience gained in the entire game.
 F = Experience gained in this place divided by the number of levels of this place that you have seen.
                   A       B       C       D       E      F
               +-------+-------+-------+-------+-------+----------------------
         Total | 100.0 | 100.0 | 100.0 | 100.0 | 100.0 | 27834.6
       Dungeon |  14.4 |  14.3 |  71.4 |   0.0 |   4.6 | 5025.9
          Lair |  13.9 |  14.0 |   0.0 |   0.0 |   5.2 | 14276.2
         Swamp |   6.1 |   5.8 |  14.3 |  66.7 |   5.3 | 21873.8
   Spider Nest |  11.6 |  11.6 |   0.0 |  11.1 |   6.6 | 27112.5
    Slime Pits |   6.7 |   6.8 |   0.0 |   0.0 |   6.7 | 21857.0
  Orcish Mines |   6.8 |   6.8 |   0.0 |   0.0 |   1.1 | 8850.5
   Elven Halls |   4.6 |   4.6 |  14.3 |   0.0 |   5.9 | 32056.7
        Vaults |  15.5 |  15.6 |   0.0 |  11.1 |  22.9 | 75200.0
        Depths |  10.5 |  10.5 |   0.0 |   0.0 |  14.6 | 48015.6
           Zot |   8.2 |   8.2 |   0.0 |  11.1 |  26.0 | 85500.6
      Ice Cave |   1.0 |   1.0 |   0.0 |   0.0 |   0.6 | 9941.0
       Volcano |   0.5 |   0.5 |   0.0 |   0.0 |   0.3 | 5025.0
      Gauntlet |   0.2 |   0.2 |   0.0 |   0.0 |   0.2 | 3549.0
               +-------+-------+-------+-------+-------+----------------------
